 Dungeon Crawl Stone Soup version 0.29-a0-330-g52719c12eb (webtiles) character file.

Game seed: 9574032991077106170

60303 kae the Arsonist (level 14, -2/122 HPs)
             Began as a Demigod Fire Elementalist on May 11, 2022.
             Shot with a bolt by Saint Roka (40 damage)
             ... on level 2 of the Orcish Mines.
             The game lasted 00:27:22 (33515 turns).

kae the Arsonist (Demigod Fire Elementalist)       Turns: 33515, Time: 00:27:23

Health: -2/122     AC: 10    Str:  9    XL:     14   Next: 20%
Magic:  32/47      EV: 32    Int: 39    God:
Gold:   1750       SH:  0    Dex: 14    Spells: 2/32 levels left

rFire   + . .      SeeInvis .   K - +6 Majin-Bo {vamp, MP+6 Int+6}
rCold   . . .      Faith    .   (shield currently unavailable)
rNeg    . . .      Spirit   .   r - +2 robe {rF+}
rPois   +          Reflect  .   v - +1 hat
rElec   .          Harm     .   e - +1 cloak
rCorr   .          Rampage  .   h - +2 pair of gloves
Will    +....                   (no boots)
Stlth   ++........              a - amulet of the acrobat
HPRegen 0.30/turn               i - ring of poison resistance
MPRegen 0.30/turn               y - ring of magical power

@: acrobatic
A: high MP 1, forlorn, divine attributes
a: no special abilities


You were on level 2 of the Orcish Mines.
You visited 3 branches of the dungeon, and saw 19 of its levels.
You also visited: Ossuary and Volcano.

You collected 1877 gold pieces.
You spent 127 gold pieces at shops.

Inventory:

Hand Weapons
 l - a +2 short sword of venom
 q - the +6 mace of Femixzeu {drain, Drain rN+ Dex+4}
   (You found it on level 2 of the Dungeon)

   A truly terrible weapon, it drains the life of any living foe it strikes.
   Dex:       It affects your dexterity (+4).
   rN:        It protects you from negative energy.
   Drain:     It drains your maximum health when unequipped.
 K - the +6 Majin-Bo (weapon) {vamp, MP+6 Int+6}
   (You acquired it on level 11 of the Dungeon)

   It heals its wielder for a portion of the damage dealt when they wound a
   living foe with it or with a spell.
   Its wielder's spells cost health as well as magical power.
   Int:       It affects your intelligence (+6).
   MP:        It affects your magic capacity (+6).
Missiles
 D - 5 throwing nets
Armour
 e - a +1 cloak (worn)
 h - a +2 pair of gloves (worn)
 r - a +2 robe of fire resistance (worn)
 v - a +1 hat (worn)
Jewellery
 a - an amulet of the acrobat (around neck)
 i - a ring of poison resistance (left hand)
 y - a ring of magical power (right hand)
 C - a ring of flight
 F - an amulet of guardian spirit
 I - a +6 ring of dexterity
 M - a ring of protection from cold
 O - a +6 ring of intelligence
 R - a ring of willpower
 W - a ring of magical power
 Y - a ring of protection from cold
Wands
 j - a wand of polymorph (3)
 w - a wand of iceblast (9)
 z - a wand of digging (16)
 E - a wand of acid (11)
 H - a wand of flame (34)
 J - a wand of charming (13)
 Q - a wand of mindburst (7)
 T - a wand of paralysis (14)
Scrolls
 c - 4 scrolls of blinking
 s - 10 scrolls of teleportation
 t - 5 scrolls of fear
 A - 2 scrolls of magic mapping
 G - 9 scrolls of vulnerability
 N - 2 scrolls of fog
 P - a scroll of identify
 S - a scroll of enchant weapon
 V - a scroll of summoning
 X - a scroll of enchant armour
Potions
 b - a potion of magic
 d - 6 potions of brilliance
 f - 5 potions of cancellation
 g - 2 potions of heal wounds
 k - 11 potions of curing
 m - 2 potions of ambrosia
 n - 12 potions of degeneration
 o - 5 potions of haste
 p - 5 potions of attraction
 u - 3 potions of might
 x - 5 potions of flight
 B - 3 potions of mutation
 L - 3 potions of lignification
 U - a potion of invisibility
 Z - 2 potions of experience {unknown}


   Skills:
 + Level 10.6 Fighting
 + Level 6.6 Staves
 + Level 10.6 Dodging
 - Level 1.7 Stealth
 + Level 9.8 Spellcasting
 + Level 10.4 Conjurations
 + Level 10.8 Fire Magic


You had 2 spell levels left.
You knew the following spells:

 Your Spells              Type           Power      Damage    Failure   Level
a - Foxfire               Conj/Fire      100%       2x1d9     1%          1
b - Scorch                Fire           100%       2d10      1%          2
c - Conjure Flame         Conj/Fire      80%        6-21      1%          3
d - Inner Flame           Hex/Fire       57%        N/A       1%          3
e - Flame Wave            Conj/Fire      80%        2d14      1%          4
f - Fireball              Conj/Fire      40%        3d16      1%          5
g - Poisonous Vapours     Pois/Air       38%        N/A       3%          2
h - Starburst             Conj/Fire      40%        6d11      3%          6
i - Summon Ice Beast      Ice/Summ       19%        N/A       19%         4

Your spell library contained the following spells:

 Spells                   Type           Power      Damage    Failure   Level
 Animate Skeleton         Necr           38%        N/A       1%          1
 Apportation              Tloc           38%        N/A       1%          1
 Magic Dart               Conj           100%       1d8       1%          1
 Summon Small Mammal      Summ           76%        N/A       1%          1
 Blink                    Tloc           38%        N/A       3%          2
 Call Imp                 Summ           19%        N/A       3%          2
 Mephitic Cloud           Conj/Pois/Air  46%        N/A       1%          3
 Call Canine Familiar     Summ           19%        N/A       6%          3
 Lesser Beckoning         Tloc           19%        N/A       6%          3
 Summon Guardian Golem    Hex/Summ       19%        N/A       6%          3
 Cause Fear               Hex            9%         N/A       19%         4
 Manifold Assault         Tloc           19%        N/A       47%         5
 Summon Mana Viper        Hex/Summ       19%        N/A       47%         5
 Ignition                 Fire           40%        3d12      83%         8
 Dispersal                Tloc           9%         N/A       96%         6
 Summon Cactus Giant      Summ           9%         N/A       96%         6
 Dragon Form              Tmut           9%         N/A       100%        7
 Monstrous Menagerie      Summ           9%         N/A       100%        7
 Disjunction              Tloc           9%         N/A       100%        8
 Dragon's Call            Summ           9%         N/A       100%        9


Dungeon Overview and Level Annotations

Branches:
Dungeon (11/15)            Temple (0/1) D:7            Lair (6/6) D:11
  Swamp (0/4) Lair:2        Snake (0/4) Lair:2        Slime (0/5) Lair:5
    Orc (2/2) D:9             Elf (0/3) Orc:2       Ossuary (visited)
Volcano (visited)

Shops:
D:1 !*   D:4 *   D:5 [[((:

Annotations:
D:2 1 runed translucent door, Crazy Yiuf
D:5 1 runed translucent door, dohliylev's ghost, novice TrWr
D:6 4 runed translucent doors
D:9 3 runed translucent doors, exclusion: ugly thing, benappo's ghost, journeyman DjTm
Orc:2 Saint Roka


Innate Abilities, Weirdness & Mutations

You have an increased reservoir of magic. (+10% MP)
You shall have no god before yourself.
Your divine heritage dramatically boosts your attributes as you level up.


Message History

The bolt of fire hits the orc warrior!!
You feel better.
You kill the orc warrior!
The bolt of fire hits the orc!!!
You feel better.
You kill the orc!
The orc shouts!
You hear a shout!
Saint Roka shoots a bolt.
The bolt barely misses you.
An orc comes into view. It is wielding a +0 short sword.
The orc barely misses you.
Casting: Starburst (dangerous; 3% risk of failure)
Confirm with . or Enter, or press ? or * to list all spells.
Aiming: Inner Flame (safe; 1% risk of failure)
Press: ? - help, Dir - move target, f - orc
Aim: an orc, wielding a +0 trident (strong, chance to affect: 99%)
The orc is filled with an inner flame.
Saint Roka shoots a bolt.
The bolt closely misses you.
The orc hits you from afar with a +0 trident!
Casting: Inner Flame (safe; 1% risk of failure)
Confirm with . or Enter, or press ? or * to list all spells.
You conjure some foxfire!
Saint Roka shoots a bolt.
The bolt hits you!! The orc misses you.
The foxfire hits the orc.
You feel better.
Flame seeps out of the orc.
The orc is heavily wounded.
The foxfire hits the orc.
You feel better.
Flame seeps out of the orc.
The orc is almost dead.
Saint Roka says, "In the orcish mines, orcs kill the likes of YOU!"
Saint Roka shoots a bolt.
The bolt misses you.
The orc is engulfed in blazing flames.
The orc explodes!
Casting: Foxfire (safe; 1% risk of failure)
Confirm with . or Enter, or press ? or * to list all spells.
You conjure some foxfire!
Saint Roka invokes the aid of Beogh against you.
Beogh smites you!
* * * LOW HITPOINT WARNING * * *
The foxfire hits the orc!
You feel better.
You kill the orc!
The foxfire hits the orc.
You feel better.
The orc is lightly wounded.
Saint Roka shoots a bolt.
The bolt hits you!!!
You die...

#.... ...................... ...
#................##...
#.####...##....[........#.#
##.##....#...[...#........#
#...##.........))........#
#.........[.[...)........#
##..##....[[[.)).o.......#
######...##..))§§§#.)(.......#
###.#.###.##...)@§°§)..[..)..#.##
.......####.....).#§o..[##)....#.
##......#.......#####...##..o..#.
.))).............## ##.###.)o..#
.#..........[.....##.### ##.##.#
.#....#......#........#####.##.##
##..........###.#..#..##.#...#..#
.............#..............###.o
............##..##.##.##....###.#


You could see Saint Roka and an orc (strong).

Vanquished Creatures
  An orc warlord (Orc:2)
  Nessos (Lair:4)
  4 hydras
  A boulder beetle (D:11)
  3 two-headed ogres
  Urug (D:11)
  2 orc knights (Orc:2)
  10 deep elf pyromancers
  A deep elf archer (Volcano)
  2 orc sorcerers
  An oklob plant (Lair:4)
  A cyclops (Orc:2)
  6 elephants (Lair:6)
  4 black mambas
  A gargoyle (D:11)
  15 komodo dragons
  9 cane toads
  3 rime drakes
  2 kobold demonologists (D:11)
  3 polar bears (Lair:6)
  2 trolls
  3 hornets (Lair:6)
  26 blink frogs
  2 dream sheep (Lair:6)
  14 spriggans (Lair:6)
  5 basilisks
  2 shadows
  31 yaks
  2 fire elementals (Volcano)
  6 wyverns
  3 steam dragons
  A naga (Lair:2)
  6 wargs
  An acid dragon (D:9)
  17 water moccasins
  6 hell hounds
  2 swamp worms (Lair:2)
  Duvessa (D:7)
  2 swamp drakes
  35 orc warriors
  3 sky beasts
  7 black bears
  4 ice beasts
  7 ogres
  4 boggarts (Lair:6)
  41 wolves
  16 centaurs
  A phantom (D:5)
  7 kobold brigands
  10 bullfrogs
  3 necrophages
  2 scorpions
  A gnoll sergeant (D:9)
  4 wights
  Dowan (D:7)
  10 killer bees (D:9)
  4 howler monkeys
  2 lava snakes (D:10)
  A crimson imp (Orc:1)
  17 orc priests
  An iron imp (Orc:1)
  A hound (D:6)
  2 gnoll shamans (D:6)
  8 jellies
  Jessica (D:2)
  5 iguanas
  20 orc wizards
  6 hell rats (Lair:6)
  A mummy (Ossuary)
  Robin (D:2)
  20 gnolls
  6 adders
  A shadow imp (Orc:1)
  2 white imps
  2 ufetubi
  2 worms
  2 dart slugs
  99 orcs
  11 spectral bats (Ossuary)
  7 bats
  A bat zombie (D:3)
  5 endoplasms
  3 giant cockroaches
  12 goblins
  6 hobgoblins
  2 jackals (D:4)
  6 quokkas
  6 ball pythons
  4 bat simulacra (Ossuary)
  2 frilled lizards
  12 gnoll zombies (Ossuary)
  3 goblin simulacra (Ossuary)
  8 goblin zombies (Ossuary)
  3 hobgoblin zombies (Ossuary)
  24 kobolds
  2 kobold simulacra (Ossuary)
  4 kobold zombies (Ossuary)
  3 orc zombies (Ossuary)
  7 rats
  5 rat simulacra (Ossuary)
  3 rat zombies (D:3)
  3 spectral goblins (Ossuary)
  3 spectral kobolds (Ossuary)
  A spectral rat (Ossuary)
  A bush (Lair:6)
710 creatures vanquished.

Vanquished Creatures (collateral kills)
  A fire elemental (Volcano)
  9 foxfires
10 creatures vanquished.

Vanquished Creatures (others)
  An orc (Orc:1)
  1884 foxfires
  53 fungi
  41 plants
1979 creatures vanquished.

Grand Total: 2699 creatures vanquished

Notes
Turn   | Place    | Note
-------+----------+-------------------------------------------
     0 | D:1      | kae the Demigod Fire Elementalist began the quest for the
                  | Orb.
     0 | D:1      | Reached XP level 1. HP: 14/14 MP: 5/5
    49 | D:1      | Reached skill level 1 in Conjurations
   252 | D:1      | Reached XP level 2. HP: 22/22 MP: 2/7
   255 | D:1      | Learned a level 2 spell: Scorch
   318 | D:1      | Found Tubimygy's Distillery.
   633 | D:1      | Found Guliweiq's General Store.
   905 | D:2      | Noticed a necrophage
   926 | D:2      | Killed a necrophage
   927 | D:2      | Reached skill level 1 in Fighting
   927 | D:2      | Reached XP level 3. HP: 2/28 MP: 2/9
   927 | D:2      | Reached XP level 4. HP: 2/35 MP: 2/10
  1273 | D:2      | Noticed Robin
  1308 | D:2      | Killed Robin
  1956 | D:2      | Noticed Jessica
  1969 | D:2      | Killed Jessica
  1970 | D:2      | Reached XP level 5. HP: 41/41 MP: 3/11
  2432 | D:2      | Identified the +6 mace of Femixzeu {drain, Drain rN+ Dex+4}
  2435 | D:2      | Found a runed translucent door.
  2436 | D:2      | Noticed Crazy Yiuf
  2857 | D:3      | Learned a level 3 spell: Conjure Flame
  2861 | D:3      | Learned a level 3 spell: Inner Flame
  3945 | D:4      | Reached XP level 6. HP: 48/48 MP: 6/13
  4063 | D:4      | Found Limylem's Assorted Antiques.
  5221 | D:4      | Bought a scroll labelled HOUREBLEGG for 22 gold pieces
  5221 | D:4      | Bought a scroll labelled GUSUNLUQAC for 22 gold pieces
  5221 | D:4      | Bought 2 fizzy golden potions for 39 gold pieces
  5221 | D:4      | Bought a scroll of identify for 44 gold pieces
  5308 | D:5      | Entered Level 5 of the Dungeon
  5324 | D:5      | Found Rik Purgh's Antique Armour Shop.
  5448 | D:5      | Found Irait's Weapon Shoppe.
  5458 | D:5      | Found Zedaho's Weapon Boutique.
  5496 | D:5      | Reached XP level 7. HP: 57/57 MP: 9/15
  5610 | D:5      | Found a runed translucent door.
  5842 | D:5      | Found Rufaick's Antique Armour Boutique.
  6056 | D:5      | Found Heppum Zawe's Book Shop.
  6673 | D:5      | Noticed dohliylev's ghost (novice TrWr)
  6714 | D:6      | Learned a level 4 spell: Flame Wave
  6796 | D:6      | Found a large runed translucent door.
  6802 | D:6      | Found a large runed translucent door.
  6805 | D:6      | Noticed a wraith
  6851 | D:6      | Reached XP level 8. HP: 23/66 MP: 1/17
  6942 | D:6      | Reached skill level 5 in Fire Magic
  6963 | D:6      | Found a sand-covered staircase.
  6969 | Ossuary  | Entered an ossuary
  8399 | D:6      | Found a large runed translucent door.
  8399 | D:6      | Found a large runed translucent door.
  8587 | D:6      | Reached skill level 5 in Dodging
  8713 | D:6      | Got the Compendium of Spatial Venom
  9361 | D:7      | Reached skill level 5 in Conjurations
  9361 | D:7      | Reached XP level 9. HP: 73/73 MP: 20/20
  9378 | D:7      | Reached skill level 5 in Spellcasting
  9388 | D:7      | Noticed Duvessa
  9399 | D:7      | Killed Duvessa
  9400 | D:7      | Reached skill level 5 in Fighting
  9436 | D:7      | Noticed Dowan
  9447 | D:7      | Killed Dowan
  9866 | D:7      | Found a staircase to the Ecumenical Temple.
 10178 | D:8      | Noticed a +0 dagger
 10178 | D:8      | Noticed a +0 hand axe
 10850 | D:8      | Noticed a two-headed ogre
 10861 | D:8      | Killed a two-headed ogre
 11273 | D:8      | Reached XP level 10. HP: 83/83 MP: 22/22
 12141 | D:9      | Found a staircase to the Orcish Mines.
 12435 | D:9      | Noticed a deep elf pyromancer
 12445 | D:9      | Killed a deep elf pyromancer
 13021 | D:9      | Noticed a green ugly thing
 13039 | D:9      | Found a runed translucent gate.
 13039 | D:9      | Found a runed translucent gate.
 13040 | D:9      | Found a runed translucent gate.
 13042 | D:9      | Noticed benappo's ghost (journeyman DjTm)
 13920 | D:9      | Learned a level 5 spell: Fireball
 13962 | D:10     | Entered Level 10 of the Dungeon
 14492 | D:10     | Noticed a two-headed ogre
 14523 | D:10     | Killed a two-headed ogre
 15051 | D:10     | Learned a level 2 spell: Poisonous Vapours
 15543 | D:11     | Noticed Urug
 15550 | D:11     | Killed Urug
 15551 | D:11     | Reached XP level 11. HP: 92/92 MP: 13/25
 15685 | D:11     | Noticed a boulder beetle
 15706 | D:11     | Killed a boulder beetle
 15942 | D:11     | Noticed a two-headed ogre
 15952 | D:11     | Killed a two-headed ogre
 16521 | D:11     | Found a staircase to the Lair.
 16773 | D:11     | Noticed a seven-headed hydra
 16782 | D:11     | Killed a seven-headed hydra
 17582 | D:11     | Identified a scroll of acquirement
 17582 | D:11     | Acquired the +6 Majin-Bo {vamp, MP+6 Int+6}
 17582 | D:11     | Found the +6 Majin-Bo {vamp, MP+6 Int+6}
 17809 | Lair:1   | Entered Level 1 of the Lair of Beasts
 17872 | Lair:1   | Reached skill level 1 in Staves
 18599 | Lair:1   | You fall into a shaft and drop 1 floor!
 19765 | Lair:2   | Found a staircase to the Snake Pit.
 20012 | Lair:2   | Reached XP level 12. HP: 102/103 MP: 28/28
 20180 | Lair:2   | Learned a level 6 spell: Starburst
 20320 | Lair:2   | Found a staircase to the Swamp.
 22487 | Lair:4   | Noticed Nessos
 22493 | Lair:4   | Killed Nessos
 23253 | Lair:5   | Noticed a four-headed hydra
 23257 | Lair:5   | Killed a four-headed hydra
 23528 | Lair:5   | Found a staircase to the Slime Pits.
 23948 | Lair:5   | Reached XP level 13. HP: 111/111 MP: 30/30
 24055 | Lair:5   | Found the +11 plutonium sword {Contam Stlth-}
 24912 | Lair:6   | Entered Level 6 of the Lair of Beasts
 25133 | Lair:6   | Reached skill level 5 in Staves
 25136 | Lair:6   | Reached skill level 10 in Fire Magic
 25987 | Lair:6   | Reached skill level 10 in Dodging
 25996 | Lair:6   | Reached skill level 10 in Fighting
 26001 | Lair:6   | HP: 4/113 [cloud of flame (7)]
 26019 | Lair:6   | HP: 4/113 [spriggan rider/+1 antimagic spear (3)]
 26733 | Lair:6   | Reached skill level 10 in Conjurations
 27821 | Lair:6   | Identified the +1 troll leather armour "Jyxzaili" {Drain
                  | *Slow rPois rN++ Regen+}
 28647 | Orc:1    | Entered Level 1 of the Orcish Mines
 28924 | Orc:1    | Found a dark tunnel.
 28955 | Volcano  | Entered a volcano
 29232 | Volcano  | Learned a level 4 spell: Summon Ice Beast
 30540 | Orc:1    | Reached XP level 14. HP: 108/122 MP: 32/32
 30764 | Orc:2    | Entered Level 2 of the Orcish Mines
 31367 | Orc:2    | Noticed an orc warlord
 31577 | Orc:2    | HP: 3/122 [orc warlord/+3 halberd of protection (35)]
 32821 | Orc:2    | Killed an orc warlord
 33205 | Orc:2    | Found a staircase to the Elven Halls.
 33224 | Orc:2    | Noticed Saint Roka
 33515 | Orc:2    | Shot with a bolt by Saint Roka

Illustrated notes

Levels and vault maps discovered:
D:1:      dpeg_arrival_long_road, layout_rooms, serial_shops, shop,
          nicolae_shop_trees, minmay_crystal_room, minmay_misc_feat_four_crosses
D:2:      layout_basic, st_stairs_10, chequers_arboretum,
          corexii_item_surrounded_by_moat, chequers_decorated_corner,
          minmay_bisected, uniq_crazy_yiuf_cottage, uniq_jessica, uniq_robin
D:3:      layout_basic, lemuel_zombie_altar_kikubaaqudgha
D:4:      nicolae_cairo_tiling_large, layout_basic, serial_shops,
          nicolae_inconvenience_store
D:5:      layout_basic, serial_shops, shop,
          nicolae_shop_competitors_out_of_business,
          nicolae_shop_advertising_works [nicolae_subvault_shop_adworks],
          nicolae_diamond_shop, nicolae_shop_bloodbath_and_beyond,
          ebering_ghost_reflecting_pool
D:6:      layout_cave_pools, general_overflow_altar, enter_ossuary_3,
          minmay_hollow_rounded_squares
D:7:      layout_rooms, minmay_temple_entry_antechambers, moated_statue,
          lemuel_flamethrower_1, uniq_duvessa
D:8:      layout_basic, dancing_weapons_uskayaw, nicolae_sif_muna_condensation
D:9:      layout_roguey, lemuel_coloured_pillars_altar,
          nicolae_tso_swordbearing_angel, erik_orc_1, gammafunk_ghost_ooze,
          special_room [special_room_orc]
D:10:     layout_irregular_city, mainiacjoe_overflow_swirl,
          kennysheep_generic_room_4
D:11:     layout_loops_corners, erik_lair_dragon, uniq_urug
Lair:1:   layout_cave_pods, amcnicky_mini_pool_medium, serial_bayou_shore_b,
          lemuel_fruit_tree, grunt_megastairs_4, serial_bayou_shore_a
Lair:2:   layout_roguey, minmay_swamp_entry_worms, guppyfry_snake_entry_island,
          beast_lair_carwin_2
Lair:3:   layout_small_grid, nicolae_quartered_pool_impasse,
          chequers_serial_rivers_micro_b
Lair:4:   layout_misc_corridors, lemuel_oklob_altar, uniq_nessos
Lair:5:   layout_cave_pods, minmay_slime_entry_pillars, pond,
          infiniplex_staircase_pool
Lair:6:   minmay_lair_end_enchanted_forest, layout_layer_cave,
          lemuel_centaur_altar
Orc:1:    layout_diamond_mine, basic_altar, enter_volcano_3,
          hangedman_minor_magic
Orc:2:    grunt_orc_community_town_hall, layout_caves,
          grunt_orc_community_big_house_2, grunt_orc_community_big_house_1,
          grunt_orc_community_house_1, grunt_orc_community_house_3,
          grunt_orc_community_house_1, grunt_orc_community_house_1,
          grunt_orc_community_house_1, grunt_orc_community_house_2, basic_altar

Skill      XL: |  1  2  3  4  5  6  7  8  9 10 11 12 13 |
---------------+----------------------------------------+-----
Conjurations   | 1 2 3 5 6 7 8 9 10 | 10.4
Dodging        | 2 3 4 5 6 7 8 9 10 | 10.6
Spellcasting   | 2 3 4 5 6 7 8 9 |  9.8
Fighting       | 1 2 3 4 6 7 8 9 10 | 10.6
Fire Magic     | 3 4 5 6 7 8 9 10 | 10.8
Staves         | 2 4 6 |  6.6
Stealth        | |  1.7

Action                   |  1- 3 |  4- 6 |  7- 9 | 10-12 | 13-15 || total
-------------------------+-------+-------+-------+-------+-------++-------
Melee: Short sword       |    13 |    40 |   111 |    23 |       ||   187
       Punch             |       |       |     3 |       |       ||     3
       Quarterstaff      |       |       |       |     8 |   221 ||   229
 Cast: Foxfire           |    45 |    95 |   235 |   435 |   260 ||  1070
       Scorch            |     3 |    23 |    85 |   133 |    78 ||   322
       Flame Wave        |       |       |     4 |    24 |    23 ||    51
       Inner Flame       |       |       |     5 |    27 |    41 ||    73
       Conjure Flame     |       |       |     3 |    23 |       ||    26
       Poisonous Vapours |       |       |       |    17 |       ||    17
       Fireball          |       |       |       |    12 |     9 ||    21
       Starburst         |       |       |       |    14 |    17 ||    31
       Summon Ice Beast  |       |       |       |       |     2 ||     2
  Use: Scroll            |     3 |     9 |     6 |    11 |     3 ||    32
       Potion            |       |     1 |     4 |     1 |     4 ||    10
 Stab: Sleeping          |       |     1 |       |       |       ||     1
Armor: Robe              |     2 |    30 |   116 |    68 |   189 ||   405
Dodge: Dodged            |    13 |    69 |   278 |   475 |   779 ||  1614

Table legend: (Time is in decaauts)
 A = Elapsed time spent in this place.
 B = Non-inter-level travel time spent in this place.
 C = Inter-level travel time spent in this place.
 D = Time resting spent in this place.
 E = Time spent auto-exploring this place.
 F = Levels seen in this place.
 G = Mean time per level.
                   A        B        C        D        E       F      G
               +--------+--------+--------+--------+--------+-----+--------+
         Total |  33588 |  32272 |   1316 |   2049 |  25009 |  21 | 1599.4 |
       Dungeon |  16997 |  16038 |    959 |    900 |  12647 |  11 | 1545.2 |
          Lair |  10668 |  10340 |    328 |    173 |   8637 |   6 | 1778.0 |
  Orcish Mines |   3327 |   3300 |     27 |    409 |   2261 |   2 | 1663.5 |
       Ossuary |   1047 |   1047 |      0 |    191 |    532 |   1 | 1047.0 |
       Volcano |   1546 |   1546 |      0 |    376 |    932 |   1 | 1546.0 |
               +--------+--------+--------+--------+--------+-----+--------+

Top non-repeatable levels by time:
  Lair:6: 3282 daAuts
     D:9: 2529 daAuts
    D:11: 2428 daAuts
     D:2: 2311 daAuts
   Orc:1: 2048 daAuts
  Lair:5: 1830 daAuts
  Lair:3: 1763 daAuts
  Lair:2: 1652 daAuts
    D:10: 1552 daAuts
 Volcano: 1546 daAuts
     D:4: 1511 daAuts
     D:8: 1421 daAuts
     D:5: 1413 daAuts
     D:6: 1392 daAuts
   Orc:2: 1278 daAuts
